 Dungeon Crawl Stone Soup version 0.20.1-1-g8b1a95d (webtiles) character file.

132 Lanoc the Purveyor of Pain (level 4, -1/18 HPs)
             Began as a Felid Necromancer on Dec 12, 2017.
             Was an Initiate of Kikubaaqudgha.
             Slain by a worker ant (6 damage)
             ... on level 4 of the Dungeon.
             The game lasted 00:29:34 (4645 turns).

Lanoc the Purveyor of Pain (Felid Necromancer)      Turns: 4645, Time: 00:29:34

Health: -1/18      AC:  1    Str:  4    XL:     4   Next: 92%
Magic:  1/9        EV: 23    Int: 17    God:    Kikubaaqudgha [......]
Gold:   191        SH:  0    Dex: 17    Spells: 0/9 levels left
                                        Lives:  0   Deaths: 1

rFire    . . .     SeeInvis +   (weapon unavailable)
rCold    . . .     Gourm    .   (shield unavailable)
rNeg     . . .     Faith    .   (armour unavailable)
rPois    .         Spirit   .   (helmet unavailable)
rElec    .         Reflect  .   (cloak unavailable)
rCorr    .         Harm     .   (gloves unavailable)
MR       .....                  (boots unavailable)
Stlth    +++.......             (no amulet)
Regen    0.1/turn               g - +3 ring of evasion
MPRegen  0.2/turn               (no ring)

@: quick
A: no armour, no weapons or thrown items, stealth, claws 1, fangs 3, see
invisible, carnivore 3, speed 1, shaggy fur 1, slow metabolism 1, sharp paws
a: Renounce Religion


You were on level 4 of the Dungeon.
You worshipped Kikubaaqudgha.
Kikubaaqudgha was noncommittal.
You were not hungry.

You visited 1 branch of the dungeon, and saw 4 of its levels.

You collected 191 gold pieces.

Inventory:

Jewellery
 g - a +3 ring of evasion (left paw)
Scrolls
 i - a scroll of remove curse
 j - a scroll of teleportation
Potions
 d - 2 potions of brilliance
 e - 2 potions of curing
 f - a potion of flight
 h - a potion of heal wounds
 l - a potion of mutation {unknown}
 n - a potion of ambrosia {unknown}
Books
 a - a book of Necromancy

   Spells                             Type                      Level
   a - Pain                           Necromancy                   1
   b - Animate Skeleton               Necromancy                   1
   c - Vampiric Draining              Necromancy                   3
   d - Regeneration                   Charms/Necromancy            3
   e - Animate Dead                   Necromancy                   4
   f - Control Undead                 Necromancy                   4
Comestibles
 b - a meat ration
 m - 2 royal jellies


   Skills:
 + Level 4.4 Dodging
 - Level 2.6 Stealth
 + Level 3.0 Spellcasting
 * Level 5.8 Necromancy


You couldn't memorise any spells.
You knew the following spells:

 Your Spells              Type           Power        Failure   Level  Hunger
a - Pain                  Necr           ###.         1%          1    None
b - Animate Skeleton      Necr           N/A          1%          1    None
c - Vampiric Draining     Necr           ###.......   4%          3    ###....
d - Control Undead        Necr           ###.......   16%         4    ####...


Dungeon Overview and Level Annotations

Branches:
Dungeon (4/15)
 Temple: D:4-7

Altars:
Cheibriados
Gozag
Kikubaaqudgha
Ru
The Shining One

Annotations:
D:4 Eustachio


Innate Abilities, Weirdness & Mutations

You cannot wear armour.
You are incapable of wielding weapons or throwing items.
Your paws allow you to move quietly. (Stealth)
You have sharp claws.
You have razor-sharp teeth.
You have supernaturally acute eyesight. (SInv)
You are carnivorous and can eat meat at any time.
You cover ground quickly.
You are covered in fur. (AC +1)
You have a slow metabolism.
Your sharp claws are effective at attacking unaware monsters.


Message History

The worker ant barely misses you.
Something bites the plant but does no damage.
You scratch the worker ant but do no damage.
The worker ant is almost dead.
The worker ant closely misses you.
You scratch the worker ant but do no damage.
The worker ant is almost dead.
The worker ant bites you but does no damage.
Something bites the plant but does no damage.
You scratch the worker ant but do no damage.
The worker ant is severely wounded.
The worker ant bites you.
* * * LOW HITPOINT WARNING * * *
Something bites the plant but does no damage.
You scratch the worker ant but do no damage.
Your bite misses the worker ant.
The worker ant is severely wounded.
The worker ant misses you. The worker ant bites you.
You die...
Kikubaaqudgha rasps: "You have failed me!
Welcome... death!"

.P..........##ZP≈≈≈PP.##
.≈PPP.......##≈≈≈≈≈≈P....
.≈≈≈≈PPP...##P≈≈≈♣≈♣PP....
≈≈PP♣♣≈≈...##.≈≈≈♣≈♣≈PP...
≈≈♣♣♣♣≈PP..#PP≈♣♣P♣≈♣≈P....
≈♣♣ ♣≈≈PZ##PP♣PPPP≈≈≈PP...
≈≈♣♣♣♣≈≈P.#P.♣≈P≈≈PP♣≈PP...
P≈≈♣P♣≈≈≈.#PP≈≈P.aP.≈♣ ....
.≈P≈P≈PP..≈.≈≈P.@#.P≈♣≈....
..≈.P≈P...PP♣≈P..#..P≈P≈...
...PPP...P≈P≈P≈.###wP≈♣≈..
.........≈PP≈P≈.....P≈≈P...
..........≈≈P........P≈P...
.........≈PPP........P≈P...
...........................
.......)...................
........###................


You could see a worker ant.

Vanquished Creatures
  A scorpion (D:4)
  Terence (D:3)
  A worker ant (D:4)
  A gnoll (D:4)
  5 adders
  An ooze (D:2)
  A worm (D:4)
  A leopard gecko (D:3)
  An orc (D:3)
  4 giant cockroaches
  7 goblins
  5 hobgoblins
  3 jackals (D:3)
  A ball python (D:2)
  5 bats
  8 frilled lizards
  7 kobolds
  4 rats
57 creatures vanquished.

Vanquished Creatures (collateral kills)
  A worm (D:2)
  A dart slug (D:3)
  A leopard gecko (D:2)
  A giant cockroach (D:3)
  4 goblins
  2 hobgoblins
  A frilled lizard (D:2)
  A rat (D:1)
12 creatures vanquished.

Grand Total: 69 creatures vanquished

Notes
Turn   | Place    | Note
-------+----------+-------------------------------------------
     0 | D:1      | Lanoc the Felid Necromancer began the quest for the Orb.
     0 | D:1      | Reached XP level 1. HP: 7/7 MP: 4/4
    10 | D:1      | Learned a level 1 spell: Animate Skeleton
   414 | D:1      | Reached XP level 2. HP: 4/11 MP: 4/6
  1906 | D:2      | Reached XP level 3. HP: 10/14 MP: 2/7
  1935 | D:2      | Learned a level 3 spell: Vampiric Draining
  2487 | D:2      | Found a sacrificial altar of Ru.
  2836 | D:2      | Reached skill level 5 in Necromancy
  3117 | D:2      | Reached XP level 4. HP: 16/18 MP: 4/8
  3183 | D:3      | Found a glowing golden altar of the Shining One.
  3315 | D:3      | Noticed Terence
  3430 | D:3      | Found an opulent altar of Gozag.
  3438 | D:3      | Killed Terence
  3545 | D:3      | Found an ancient bone altar of Kikubaaqudgha.
  3575 | D:3      | Became a worshipper of Kikubaaqudgha
  3951 | D:4      | Reached XP level 5. HP: 14/21 MP: 2/10
  4207 | D:4      | Noticed Eustachio
  4217 | D:4      | Learned a level 4 spell: Control Undead
  4494 | D:4      | Slain by Eustachio
  4495 | D:4      | Reached XP level 4. HP: -1/18 MP: 2/9
  4593 | D:4      | Found a snail-covered altar of Cheibriados.
  4645 | D:4      | Slain by a worker ant

Skill      XL: |  1  2  3  4 |
---------------+-------------+-----
Dodging        | 3 4 |  4.4
Necromancy     | 5 |  5.8
Spellcasting   | 3 |  3.0
Stealth        | |  2.6

Action                   |  1- 3 |  4- 6 || total
-------------------------+-------+-------++-------
Melee: Unarmed           |    71 |   105 ||   176
       Bite              |     4 |     5 ||     9
 Cast: Animate Skeleton  |    17 |    15 ||    32
       Pain              |    53 |    35 ||    88
       Vampiric Draining |     1 |    16 ||    17
  Use: Scroll            |     8 |     2 ||    10
       Potion            |       |     2 ||     2
 Stab: Sleeping          |     7 |     3 ||    10
  Eat: Chunk             |    12 |     4 ||    16
Armor: Skin              |     7 |     2 ||     9
Dodge: Dodged            |    61 |   115 ||   176
